AoeStats
← MZTK | GaboxNet .i.

Pilgrims

509973089Analyzed
4v4 RM · 3d ago on Sep 28, 2026· 17m 19s· 8 players
Game mode
Random Map
Map size
Large (8 player)
Population
200
Speed
Normal
Resources
Standard
Victory
Conquest
Starting age
Dark Age
Ending age
Imperial Age
RankedLock teamsTeams togetherTeam positionsShared explorationLock speedFull tech treeHidden civsTurbo modeCheats
Victory
Defeat
🇫🇷 Cumans · France
1254
+13
🇩🇪 Vietnamese · Germany
1248
+13
🇸🇪 Saxons · Sweden
1221
+15
🇬🇧 Varangians · United Kingdom
1181
+16
🇱🇹 Varangians · Lithuania
1305
-19
🇨🇳 Franks · China
1177
-14
🇲🇽 Italians · Mexico
1143
-12
🇺🇸 Hindustanis · United States
1137
-12
Gustavus Adolphus
9:50 Loom
11:35 Feudal Age
18:36 Castle Age
BondTrustee
11:46 Feudal Age
14:27 Fletching
17:59 Castle Age
17:13 Wheelbarrow
16:58 Horse Collar
Sahraoui
7:31 Loom
9:17 Feudal Age
10:19 Man-at-Arms
13:06 Scale Mail Armor
Necrocat219
13:39 Feudal Age
12:01 Loom
17:15 Castle Age
15:52 Double-Bit Axe
15:55 Fishing Lines
16:54 Forging
MZTK | GaboxNet .i.
8:03 Loom
10:21 Feudal Age
11:03 Fishing Lines
15:50 Castle Age
[JB]zhenghui9900
5:49 Loom
7:07 Loom
12:01 Feudal Age
13:59 Wheelbarrow
17:18 Castle Age
17:06 Double-Bit Axe
Salvation
9:23 Loom
11:41 Feudal Age
12:11 Double-Bit Axe
16:19 Fishing Lines
17:16 Fletching
17:27 Padded Archer Armor
默默发育
11:58 Feudal Age
15:37 Castle Age
13:27 Fishing Lines
13:33 Fishing Lines
16:53 Double-Bit Axe
Connection lost

Rejoining the realm…

Still unreachable

The connection could not be restored.

Session expired

The server has moved on; the page needs a fresh start.